[Event "2023 Mary Thomson Cup (Division A)"]
[Site "Woodvale, Perth WA AUS"]
[Date "2023.02.01"]
[Round "1"]
[White "Laubbacher, Jamie"]
[Black "Saxon, Marc"]
[Result "1-0"]
[ECO "D97"]
[WhiteElo "2179"]
[BlackElo "1977"]
[PlyCount "91"]
[EventDate "2023.02.01"]
[EventType "tourn"]
[EventRounds "7"]
[EventCountry "AUS"]
[TimeControl "3600+30"]

1. d4 Nf6 2. c4 g6 3. Nc3 d5 4. Nf3 Bg7 5. Qb3 dxc4 6. Qxc4 O-O 7. e4 Bg4 8.
Be2 c6 9. O-O Nbd7 10. Be3 Bxf3 11. Bxf3 e5 12. Rad1 Qe7 13. Be2 Rac8 14. f4 b5
15. Qd3 exd4 16. Bxd4 b4 17. e5 bxc3 18. exf6 Nxf6 19. Rfe1 Qd6 20. Qxc3 Nd5
21. Bxg7 Nxc3 22. Rxd6 Nxe2+ 23. Rxe2 Kxg7 24. Re7 a5 25. Rdd7 Rb8 26. b3 a4
27. Rb7 axb3 28. axb3 Ra8 29. Rec7 Ra2 30. h3 h5 31. h4 Rc2 32. b4 Kf6 33. b5
c5 34. Rb6+ Kg7 35. Rbc6 Rd8 36. Rxc5 Rb2 37. Rg5 Rd6 38. Rb7 Rf6 39. f5 Rb4
40. fxg6 Rxg6 41. Rxg6+ Kxg6 42. g3 Rb2 43. b6 f6 44. Rb8 Kf7 45. b7 Ke7 46.
Rh8 1-0

[Event "2023 Mary Thomson Cup (Division A)"]
[Site "Woodvale, Perth WA AUS"]
[Date "2023.02.01"]
[Round "1"]
[White "Maggs, Derwent"]
[Black "Maris, Rob"]
[Result "0-1"]
[ECO "B22"]
[WhiteElo "2307"]
[BlackElo "2078"]
[PlyCount "66"]
[EventDate "2023.02.01"]
[EventType "tourn"]
[EventRounds "7"]
[EventCountry "AUS"]
[TimeControl "3600+30"]

1. e4 c5 2. c3 Nf6 3. e5 Nd5 4. d4 cxd4 5. Nf3 e6 6. cxd4 b6 7. Bd3 Ba6 8. O-O
Qc8 9. Bg5 h6 10. Bh4 Bxd3 11. Qxd3 Qa6 12. Qe4 Nc6 13. Nc3 Nxc3 14. bxc3 Qa4
15. Nd2 Rc8 16. f4 Be7 17. Be1 g6 18. Qf3 Na5 19. Ne4 Qc6 20. Rf2 h5 21. Re2
Nc4 22. Qh3 d5 23. exd6 Nxd6 24. Nxd6+ Qxd6 25. Bd2 O-O 26. Rf1 Bf6 27. Rf3 Kg7
28. Be1 b5 29. Bg3 Qd5 30. Rfe3 b4 31. Bf2 bxc3 32. Rxc3 Bxd4 33. Rd3 Rc1+ 0-1

[Event "2023 Mary Thomson Cup (Division A)"]
[Site "Woodvale, Perth WA AUS"]
[Date "2023.02.01"]
[Round "1"]
[White "Lakner, Jay"]
[Black "Gibson, Jacob"]
[Result "1-0"]
[ECO "A29"]
[WhiteElo "2123"]
[BlackElo "1964"]
[PlyCount "43"]
[EventDate "2023.02.01"]
[EventType "tourn"]
[EventRounds "7"]
[EventCountry "AUS"]
[TimeControl "3600+30"]

1. c4 e5 2. Nc3 Nf6 3. Nf3 Nc6 4. g3 Bb4 5. Bg2 O-O 6. O-O Bxc3 7. bxc3 e4 8.
Ng5 Re8 9. f3 e3 10. d3 d5 11. Qb3 h6 12. cxd5 Na5 13. Qa3 hxg5 14. Qxa5 Nxd5
15. c4 Nb6 16. f4 Bg4 17. Qe1 gxf4 18. Rxf4 Qc8 19. c5 Nd7 20. Rxg4 Nxc5 21.
Bh3 Qd8 22. Qc3 1-0

[Event "2023 Mary Thomson Cup (Division A)"]
[Site "Woodvale, Perth WA AUS"]
[Date "2023.02.01"]
[Round "1"]
[White "Davoll, Josh"]
[Black "O'Shaughnessy, Dave"]
[Result "1-0"]
[ECO "B03"]
[WhiteElo "1927"]
[BlackElo "1986"]
[PlyCount "91"]
[EventDate "2023.02.01"]
[EventType "tourn"]
[EventRounds "7"]
[EventCountry "AUS"]
[TimeControl "3600+30"]

1. e4 Nf6 2. e5 Nd5 3. c4 Nb6 4. d4 d6 5. exd6 exd6 6. Nc3 Bf5 7. Qf3 Qc8 8.
Be3 Bg6 9. Nh3 Nc6 10. Nf4 Be7 11. Rd1 Nb4 12. Nxg6 hxg6 13. Rd2 Nc6 14. b3 Qf5
15. Be2 Qxf3 16. Bxf3 O-O 17. O-O Rae8 18. c5 dxc5 19. dxc5 Nc8 20. Bxc6 bxc6
21. Rd7 Rd8 22. Rfd1 Rxd7 23. Rxd7 Rd8 24. Rxd8+ Bxd8 25. Kf1 Ne7 26. g4 f6 27.
Ke2 Kf7 28. Kd3 Ke6 29. f3 Nd5 30. Ne2 Nb4+ 31. Kc4 Nd5 32. Nf4+ Nxf4 33. Bxf4
a5 34. Kd4 Kd7 35. Bd2 Ke6 36. Bxa5 f5 37. g5 Bxg5 38. Bxc7 Bf6+ 39. Kc4 Kd7
40. Bd6 g5 41. a4 Kc8 42. b4 Bd8 43. b5 Kb7 44. Kd4 g4 45. fxg4 fxg4 46. Ke4
1-0

[Event "2023 Mary Thomson Cup (Division B)"]
[Site "Woodvale, Perth WA AUS"]
[Date "2023.02.01"]
[Round "1"]
[White "Mechlowski, Lennard"]
[Black "De Yaak, Peter"]
[Result "1-0"]
[ECO "D46"]
[WhiteElo "1805"]
[BlackElo "1892"]
[PlyCount "95"]
[EventDate "2023.02.01"]
[EventType "tourn"]
[EventRounds "7"]
[EventCountry "AUS"]
[TimeControl "3600+30"]

1. d4 d5 2. c4 e6 3. Nf3 Nf6 4. Nc3 Be7 5. e3 c6 6. Bd3 Nbd7 7. O-O O-O 8. Qc2
h6 9. Bd2 dxc4 10. Bxc4 Nd5 11. e4 Nb4 12. Qb3 b5 13. Be2 a5 14. a3 a4 15. Qd1
Na6 16. Be3 Rb8 17. d5 exd5 18. exd5 cxd5 19. Nxd5 Ndc5 20. Nxe7+ Qxe7 21. Nd4
Rd8 22. Nc6 Rxd1 23. Nxe7+ Kf8 24. Raxd1 Kxe7 25. Bxc5+ Nxc5 26. Rd5 Ne6 27.
Rxb5 Ra8 28. Rb4 Bd7 29. Bb5 Bxb5 30. Rxb5 Rc8 31. Rb4 Rc2 32. Rxa4 Rxb2 33.
Ra1 Nc5 34. Rb4 Rd2 35. Kf1 f5 36. Ke1 Rc2 37. Kf1 Nd3 38. Rb7+ Kf6 39. a4 Nxf2
40. a5 Ng4 41. a6 Ne3+ 42. Ke1 Rxg2 43. Ra4 Nc2+ 44. Kd1 Ne3+ 45. Kc1 Rc2+ 46.
Kb1 Rc8 47. a7 Nd5 48. Ra6+ 1-0

[Event "2023 Mary Thomson Cup (Division B)"]
[Site "Woodvale, Perth WA AUS"]
[Date "2023.02.01"]
[Round "1"]
[White "List, Ross"]
[Black "Curthoys, Edward"]
[Result "1/2-1/2"]
[ECO "D02"]
[WhiteElo "1773"]
[BlackElo "1826"]
[PlyCount "37"]
[EventDate "2023.02.01"]
[EventType "tourn"]
[EventRounds "7"]
[EventCountry "AUS"]
[TimeControl "3600+30"]

1. d4 Nf6 2. Nf3 e6 3. Bf4 c5 4. e3 Nc6 5. c3 d5 6. Nbd2 Bd6 7. Bg3 O-O 8. Bd3
cxd4 9. exd4 Re8 10. Bxd6 Qxd6 11. O-O e5 12. dxe5 Nxe5 13. Nxe5 Rxe5 14. Nb3
Rh5 15. g3 Qd7 16. f3 Rxh2 17. Kxh2 Qh3+ 18. Kg1 Qxg3+ 19. Kh1 1/2-1/2

[Event "2023 Mary Thomson Cup (Division B)"]
[Site "Woodvale, Perth WA AUS"]
[Date "2023.02.01"]
[Round "1"]
[White "Barry, David"]
[Black "Leonhardt, Wolfgang"]
[Result "1-0"]
[ECO "B54"]
[WhiteElo "1895"]
[BlackElo "1778"]
[PlyCount "119"]
[EventDate "2023.02.01"]
[EventType "tourn"]
[EventRounds "7"]
[EventCountry "AUS"]
[TimeControl "3600+30"]

1. e4 c5 2. Nf3 d6 3. d4 cxd4 4. Nxd4 e5 5. Bb5+ Nd7 6. Nf5 Qc7 7. Nc3 Ngf6 8.
O-O a6 9. Ba4 b5 10. Bb3 Nb6 11. Ne3 Be7 12. Ned5 Qb8 13. Be3 Nbxd5 14. Nxd5
Nxd5 15. Bxd5 Bb7 16. c3 O-O 17. Qb3 Bxd5 18. Qxd5 Qc7 19. a4 Qc4 20. Rfd1 Qxd5
21. Rxd5 Rfb8 22. a5 Rc8 23. Bb6 f6 24. f3 Kf7 25. Kf2 Ke6 26. g4 g6 27. Rad1
Rc4 28. Ke3 Rac8 29. h4 R8c6 30. f4 b4 31. f5+ gxf5 32. gxf5+ Kf7 33. Rc1 bxc3
34. bxc3 Rxc3+ 35. Rxc3 Rxc3+ 36. Rd3 Rc1 37. Kf2 Rc2+ 38. Kg3 Rc4 39. Kf3 Ke8
40. Rb3 Ra4 41. Rc3 d5 42. exd5 Rxh4 43. Kg3 Ra4 44. Rc8+ Kd7 45. Rh8 e4 46.
Rxh7 Kd6 47. Kf4 Bf8 48. Ra7 Bh6+ 49. Kg3 Ra3+ 50. Kg2 Kxd5 51. Rxa6 Bd2 52.
Ra8 Ke5 53. a6 Kxf5 54. a7 Ba5 55. Bd4 Ra2+ 56. Kf1 Bd2 57. Rc8 Ra4 58. a8=Q
Rxa8 59. Rxa8 e3 60. Ke2 1-0

[Event "2023 Mary Thomson Cup (Division B)"]
[Site "Woodvale, Perth WA AUS"]
[Date "2023.02.01"]
[Round "1"]
[White "Clarke, Daniel"]
[Black "Janceski, Alex"]
[Result "0-1"]
[ECO "B54"]
[WhiteElo "1854"]
[BlackElo "1870"]
[PlyCount "120"]
[EventDate "2023.02.01"]
[EventType "tourn"]
[EventRounds "7"]
[EventCountry "AUS"]
[TimeControl "3600+30"]

1. e4 c5 2. Nf3 d6 3. d4 cxd4 4. Nxd4 e5 5. Nb5 a6 6. N5c3 Nf6 7. Bg5 Be7 8. f3
Be6 9. Bxf6 Bxf6 10. Nd5 Nd7 11. c4 O-O 12. Nbc3 Rc8 13. Nxf6+ Nxf6 14. Nd5
Bxd5 15. cxd5 h6 16. Qd2 Qb6 17. Rc1 Rxc1+ 18. Qxc1 Qa5+ 19. Kf2 Qxa2 20. Be2
Qa5 21. Rd1 Qb6+ 22. Kf1 Nd7 23. Qc2 Nc5 24. g4 Nb3 25. Qc3 Nd4 26. Rc1 g6 27.
Bd1 g5 28. Kg2 Kg7 29. Qd2 f6 30. Ba4 Rf7 31. h4 Rc7 32. hxg5 fxg5 33. Rxc7+
Qxc7 34. Qc3 Qxc3 35. bxc3 Ne2 36. c4 Nd4 37. Kf2 b5 38. cxb5 axb5 39. Bd1 Kf7
40. Ke3 Ke7 41. Kd3 Kd7 42. Kc3 Kc7 43. Kd2 Kb6 44. Kd3 Kc5 45. Kc3 b4+ 46. Kd3
Kb5 47. Kd2 Kc4 48. Kc1 Kc3 49. Ba4 b3 50. Bc6 Kd3 51. Ba4 Ke3 52. Bd7 Kxf3 53.
Bf5 Ke3 54. Kb2 Kd3 55. Bg6 Kc4 56. Be8 Kb4 57. Ka1 Kc3 58. Kb1 b2 59. Bd7 Nf3
60. Ka2 Nd2 0-1

[Event "2023 Mary Thomson Cup (Division C)"]
[Site "Woodvale, Perth WA AUS"]
[Date "2023.02.01"]
[Round "1"]
[White "Hintz, Steven"]
[Black "Rafiei Darani, Daryoush"]
[Result "0-1"]
[ECO "E77"]
[WhiteElo "1606"]
[BlackElo "1712"]
[PlyCount "42"]
[EventDate "2023.02.01"]
[EventType "tourn"]
[EventRounds "7"]
[EventCountry "AUS"]
[TimeControl "3600+30"]

1. d4 Nf6 2. c4 g6 3. Nc3 Bg7 4. e4 d6 5. f4 c5 6. d5 e6 7. Nf3 exd5 8. exd5
O-O 9. Be2 a6 10. O-O Re8 11. Re1 Ne4 12. Nxe4 Rxe4 13. Bd3 Rxe1+ 14. Qxe1 b5
15. cxb5 axb5 16. Bxb5 Ba6 17. Qe8+ Qxe8 18. Bxe8 Bc4 19. a3 Bxd5 20. Kf2 Bc4
21. Ke3 Kf8 0-1

[Event "2023 Mary Thomson Cup (Division C)"]
[Site "Woodvale, Perth WA AUS"]
[Date "2023.02.01"]
[Round "1"]
[White "De Vas, Yonal"]
[Black "Gough, Dylan"]
[Result "1-0"]
[ECO "E01"]
[WhiteElo "1739"]
[BlackElo "1742"]
[PlyCount "63"]
[EventDate "2023.02.01"]
[EventType "tourn"]
[EventRounds "7"]
[EventCountry "AUS"]
[TimeControl "3600+30"]

1. d4 d5 2. c4 e6 3. g3 Nf6 4. Bg2 c6 5. Nf3 Nbd7 6. O-O Bd6 7. b3 O-O 8. Bb2
b6 9. Nbd2 Re8 10. Rc1 Bb7 11. Re1 Rc8 12. e4 dxe4 13. Nxe4 Nxe4 14. Rxe4 Nf6
15. Re1 c5 16. dxc5 Bxc5 17. Qc2 Qe7 18. Ng5 Bxf2+ 19. Qxf2 Ng4 20. Qxf7+ Qxf7
21. Nxf7 Bxg2 22. Nd6 Bh3 23. Nxc8 Rxc8 24. Rxe6 Rc7 25. Rce1 Rd7 26. Re7 Rd2
27. Re8+ Kf7 28. R1e7+ Kg6 29. Rxg7+ Kf5 30. Rf8+ Ke4 31. Rf4+ Kd3 32. Rd4+ 1-0

[Event "2023 Mary Thomson Cup (Division C)"]
[Site "Woodvale, Perth WA AUS"]
[Date "2023.02.01"]
[Round "1"]
[White "Oswald, Franz"]
[Black "Garang, Kuol Awan"]
[Result "1-0"]
[ECO "A40"]
[WhiteElo "1620"]
[BlackElo "1619"]
[PlyCount "161"]
[EventDate "2023.02.01"]
[EventType "tourn"]
[EventRounds "7"]
[EventCountry "AUS"]
[TimeControl "3600+30"]

1. d4 e5 2. dxe5 Nc6 3. Nf3 Bc5 4. e3 Nge7 5. Nc3 Ng6 6. Bc4 Ngxe5 7. Nxe5 Nxe5
8. Bb3 c6 9. Ne4 d5 10. Nxc5 Qa5+ 11. Bd2 Qxc5 12. h3 O-O 13. Bc3 Re8 14. Qd2
Qd6 15. O-O-O Bf5 16. f3 Nd7 17. e4 Bg6 18. exd5 c5 19. Bc4 a6 20. Bd3 Qxd5 21.
Bxg6 Qxa2 22. Bxf7+ Qxf7 23. Qxd7 Qf4+ 24. Kb1 Qg3 25. Qg4 Qxg4 26. hxg4 Re7
27. Rhe1 Rf7 28. Rd3 b5 29. Rde3 b4 30. Bd2 a5 31. Re8+ Rf8 32. Rxf8+ Kxf8 33.
Re5 c4 34. b3 Rd8 35. Kc1 cxb3 36. cxb3 Rc8+ 37. Kb2 Rd8 38. Be3 Rd3 39. Bc5+
Kf7 40. Re2 g6 41. g5 Rd5 42. Re7+ Kg8 43. Be3 Rd3 44. Re5 Kf7 45. Bc1 Rd1 46.
Rxa5 Rg1 47. Kc2 Rxg2+ 48. Bd2 Rf2 49. f4 Rh2 50. Rb5 h5 51. gxh6 Rxh6 52. Rxb4
Rh5 53. Re4 Rc5+ 54. Kb2 Rd5 55. Kc2 Rc5+ 56. Bc3 Rf5 57. b4 Kg8 58. Kb3 Kh7
59. Ka4 Rf7 60. b5 Ra7+ 61. Kb4 Rb7 62. Bd4 Kh6 63. b6 Kh5 64. Kb5 Kg4 65. Ka6
Rb8 66. Be5 Ra8+ 67. Kb7 Re8 68. Rc4 Kf5 69. Bc7 Re6 70. Ka7 Re2 71. Rc5+ Kf6
72. b7 Ra2+ 73. Ra5 Rb2 74. Bb6 Re2 75. b8=Q Re7+ 76. Ka6 Kf7 77. Re5 Kf6 78.
Qd8 g5 79. Qxe7+ Kg6 80. Rxg5+ Kh6 81. Qg7# 1-0

[Event "2023 Mary Thomson Cup (Division C)"]
[Site "Woodvale, Perth WA AUS"]
[Date "2023.02.01"]
[Round "1"]
[White "Browning, Thomas"]
[Black "Bhatia, Abhay"]
[Result "1/2-1/2"]
[ECO "D32"]
[WhiteElo "1601"]
[BlackElo "1625"]
[PlyCount "73"]
[EventDate "2023.02.01"]
[EventType "tourn"]
[EventRounds "7"]
[EventCountry "AUS"]
[TimeControl "3600+30"]

1. d4 d5 2. c4 e6 3. Nf3 c5 4. Bg5 Be7 5. Bxe7 Nxe7 6. Nc3 Nbc6 7. dxc5 Qa5 8.
e3 Qxc5 9. cxd5 exd5 10. Be2 O-O 11. O-O Rd8 12. Rc1 Bf5 13. Nd4 Bg6 14. Bd3
Nxd4 15. exd4 Qb6 16. Re1 Nc6 17. Bxg6 hxg6 18. b3 Rd7 19. Qg4 Rad8 20. Re8+
Rxe8 21. Qxd7 Rd8 22. Qg4 Nxd4 23. Na4 Qb4 24. Rd1 Nc2 25. Qg5 Qd6 26. Nc3 d4
27. h3 d3 28. Ne4 Qd4 29. Nd2 Re8 30. Nf3 Qc3 31. Qd5 Ne1 32. Nxe1 Rxe1+ 33.
Rxe1 Qxe1+ 34. Kh2 Qe2 35. Qd8+ Kh7 36. Qh4+ Qh5 37. Qd4 1/2-1/2

[Event "2023 Mary Thomson Cup (Division D)"]
[Site "Woodvale, Perth WA AUS"]
[Date "2023.02.01"]
[Round "1"]
[White "Michael, Ashley"]
[Black "Walker, Colin"]
[Result "1-0"]
[ECO "B44"]
[WhiteElo "1540"]
[BlackElo "1410"]
[PlyCount "79"]
[EventDate "2023.02.01"]
[EventType "tourn"]
[EventRounds "7"]
[EventCountry "AUS"]
[TimeControl "3600+30"]

1. e4 e6 2. c4 c5 3. Nf3 d6 4. Nc3 Nc6 5. d4 cxd4 6. Nxd4 a6 7. Be2 Ne5 8. f4
Ng6 9. O-O Nf6 10. Qb3 e5 11. fxe5 dxe5 12. Nf3 Bc5+ 13. Kh1 O-O 14. Bg5 Nf4
15. Rad1 Qc7 16. Bxf4 exf4 17. e5 Ng4 18. Nd5 Qb8 19. Nd4 Ne3 20. Nxe3 fxe3 21.
Qxe3 Re8 22. Qf3 Rf8 23. Qd5 Qc7 24. e6 Bxe6 25. Nxe6 fxe6 26. Qxe6+ Kh8 27.
Bf3 Rae8 28. Rd7 Qc8 29. Qg4 Re7 30. Rfd1 b6 31. Rxe7 Bxe7 32. Qe4 Qc5 33. Qe2
Bf6 34. Rd5 Qb4 35. b3 Qc3 36. Rd6 Qa1+ 37. Rd1 Qc3 38. Qd2 Qe5 39. Qd6 Qa5 40.
Qxf8# 1-0

[Event "2023 Mary Thomson Cup (Division D)"]
[Site "Woodvale, Perth WA AUS"]
[Date "2023.03.15"]
[Round "1"]
[White "Boswarva, Ernest"]
[Black "Leech, Martin"]
[Result "1-0"]
[ECO "D00"]
[WhiteElo "1519"]
[BlackElo "1424"]
[PlyCount "57"]
[EventDate "2023.02.01"]
[EventType "tourn"]
[EventRounds "7"]
[EventCountry "AUS"]
[TimeControl "3600+30"]

1. d4 d5 2. e3 Nf6 3. Bd3 c5 4. b3 Nc6 5. Nf3 Bg4 6. Bb2 e6 7. Nbd2 Bd6 8. Qc1
O-O 9. Ne5 Qc7 10. f4 cxd4 11. exd4 Qb6 12. c3 Rac8 13. Qb1 Bh5 14. Ndf3 Bxf3
15. gxf3 Qd8 16. h4 h5 17. Qd1 Ne7 18. Qc2 Qe8 19. O-O-O g6 20. Rdg1 Kg7 21.
Rg2 b5 22. Rhg1 Bxe5 23. fxe5 Nh7 24. Kb1 Rg8 25. Bc1 Nf8 26. Bg5 Rc7 27. Bf6+
Kh7 28. Rg5 Kh6 29. Qd2 1-0

[Event "2023 Mary Thomson Cup (Division E)"]
[Site "Woodvale, Perth WA AUS"]
[Date "2023.02.01"]
[Round "1"]
[White "Hounsome, David"]
[Black "Powell, Darren"]
[Result "1-0"]
[ECO "A01"]
[WhiteElo "1393"]
[BlackElo "1355"]
[PlyCount "73"]
[EventDate "2023.02.01"]
[EventType "tourn"]
[EventRounds "7"]
[EventCountry "AUS"]
[TimeControl "3600+30"]

1. b3 e5 2. Bb2 Nc6 3. e3 d6 4. Bb5 Bd7 5. Ne2 a6 6. Bxc6 Bxc6 7. O-O Nf6 8. c4
Qe7 9. d4 Bd7 10. Nbc3 g6 11. d5 c6 12. e4 Bg7 13. h3 O-O-O 14. Qd3 Ne8 15. b4
Nc7 16. a4 Qe8 17. a5 f5 18. f3 f4 19. Na4 Na8 20. Nb6+ Kc7 21. Nxd7 Qxd7 22.
Rac1 Kb8 23. Nc3 Rc8 24. Rfd1 c5 25. b5 Nc7 26. Na4 Rcg8 27. bxa6 Qxa4 28. axb7
Na6 29. Bc3 Qd7 30. Rb1 Ka7 31. Rb6 Rb8 32. Rdb1 Bf6 33. R1b5 Bd8 34. Rc6 Nc7
35. Qb1 Na6 36. Rbb6 Bxb6 37. Qxb6# 1-0

[Event "2023 Mary Thomson Cup (Division E)"]
[Site "Woodvale, Perth WA AUS"]
[Date "2023.02.01"]
[Round "1"]
[White "Wu, Kobe"]
[Black "Maujean, Jean Michel"]
[Result "1/2-1/2"]
[ECO "C54"]
[WhiteElo "1289"]
[BlackElo "1307"]
[PlyCount "108"]
[EventDate "2023.02.01"]
[EventType "tourn"]
[EventRounds "7"]
[EventCountry "AUS"]
[TimeControl "3600+30"]

1. e4 e5 2. Nf3 Nc6 3. Bc4 Bc5 4. c3 Nf6 5. d3 h6 6. Nbd2 d6 7. O-O Qe7 8. Re1
Bd7 9. Nf1 g5 10. d4 exd4 11. cxd4 Bb6 12. e5 O-O-O 13. exf6 Qxf6 14. d5 Ne7
15. Ne3 g4 16. Nd2 h5 17. Ne4 Qg6 18. Bd3 f5 19. Nc3 Qf6 20. Nc4 Bd4 21. Bf4
Bxc3 22. bxc3 Nxd5 23. Be3 b6 24. Bd4 Qg5 25. Bxh8 Rxh8 26. Nxd6+ cxd6 27. Ba6+
Kc7 28. Qxd5 Rb8 29. Rad1 Qf6 30. Re3 b5 31. Red3 Rb6 32. a4 Rxa6 33. axb5 Rb6
34. Qc4+ Kb7 35. Rd5 Be6 36. Qd4 Qxd4 37. R5xd4 d5 38. Rb4 Kc7 39. h3 Kd6 40.
hxg4 hxg4 41. c4 Kc5 42. Ra4 dxc4 43. Rxa7 Rxb5 44. Re1 Rb6 45. f3 Kd4 46. fxg4
fxg4 47. Rc7 Kd3 48. Ra1 Rb3 49. Re1 Bf5 50. Re5 Rb1+ 51. Kh2 Be4 52. Rxc4 g3+
53. Kxg3 Bxg2 54. Kxg2 Kxc4 1/2-1/2

[Event "2023 Mary Thomson Cup (Division F)"]
[Site "Woodvale, Perth WA AUS"]
[Date "2023.02.01"]
[Round "1"]
[White "Bordas, Lindsay"]
[Black "Brooke, John"]
[Result "0-1"]
[ECO "C44"]
[WhiteElo "1056"]
[BlackElo "1301"]
[PlyCount "96"]
[EventDate "2023.02.01"]
[EventType "swiss"]
[EventRounds "7"]
[EventCountry "AUS"]
[TimeControl "3600+30"]

1. e4 e5 2. Nf3 Nc6 3. Bc4 Bc5 4. d4 exd4 5. Ng5 Nh6 6. Qf3 Ne5 7. Qg3 Nxc4 8.
O-O d6 9. Na3 Nxa3 10. bxa3 Bg4 11. c3 Bh5 12. cxd4 Bxd4 13. Rb1 Bb6 14. Bb2
Bg6 15. Bxg7 Rg8 16. Bxh6 Qf6 17. Qf3 Qxf3 18. Nxf3 O-O-O 19. Rfe1 f5 20. e5 f4
21. Rbd1 Bh5 22. Kh1 Bc5 23. Bxf4 Rdf8 24. Be3 Bxf3 25. gxf3 Rxf3 26. Bxc5 dxc5
27. e6 Re8 28. e7 b5 29. Rc1 c4 30. Rb1 c6 31. Rbd1 Rd3 32. Rc1 Kd7 33. a4 a6
34. axb5 axb5 35. a4 Rxe7 36. Rxe7+ Kxe7 37. Re1+ Kd6 38. a5 Ra3 39. f4 Rxa5
40. f5 Ra8 41. f6 Rf8 42. Re7 Rxf6 43. Rxh7 b4 44. Rh4 Kc5 45. Rh5+ Kb6 46. Rh4
Kb5 47. Rh5+ c5 48. Rh8 c3 0-1

[Event "2023 Mary Thomson Cup (Division F)"]
[Site "Woodvale, Perth WA AUS"]
[Date "2023.02.01"]
[Round "1"]
[White "Lanham, Bruce"]
[Black "Frankland, David"]
[Result "0-1"]
[ECO "D02"]
[WhiteElo "1181"]
[BlackElo "1047"]
[PlyCount "62"]
[EventDate "2023.02.01"]
[EventType "swiss"]
[EventRounds "7"]
[EventCountry "AUS"]
[TimeControl "3600+30"]

1. d4 d5 2. Nf3 f6 3. g3 c6 4. Bg2 b6 5. O-O e6 6. Nbd2 Bd6 7. c4 Ne7 8. cxd5
exd5 9. Nb3 a5 10. Ne1 a4 11. Nd2 b5 12. e4 O-O 13. exd5 Nxd5 14. Bxd5+ cxd5
15. Nd3 Nc6 16. Nf3 Bh3 17. Re1 Qd7 18. Nf4 Bxf4 19. Bxf4 g5 20. Be3 Bg4 21.
Qe2 Na5 22. Rac1 Nc4 23. Rc3 Rae8 24. Qd1 Nxb2 25. Qe2 Nc4 26. Rb1 Nd2 27. Qxd2
Bxf3 28. Bxg5 fxg5 29. Qxg5+ Kh8 30. Qh4 Re4 31. Qh5 Bxh5 0-1

[Event "2023 Mary Thomson Cup (Division F)"]
[Site "Woodvale, Perth WA AUS"]
[Date "2023.02.01"]
[Round "1"]
[White "Dawoud, Ahmad"]
[Black "Young, Manfred"]
[Result "1/2-1/2"]
[ECO "D07"]
[WhiteElo "923"]
[BlackElo "1171"]
[PlyCount "76"]
[EventDate "2023.02.01"]
[EventType "swiss"]
[EventRounds "7"]
[EventCountry "AUS"]
[TimeControl "3600+30"]

1. d4 d5 2. c4 Nc6 3. Nf3 Bg4 4. h3 Bxf3 5. gxf3 dxc4 6. e4 Nxd4 7. Bxc4 e5 8.
Be3 Bb4+ 9. Nc3 Qf6 10. Bxd4 exd4 11. Qa4+ c6 12. Qxb4 dxc3 13. Qxc3 Qxc3+ 14.
bxc3 Ne7 15. Bd3 O-O-O 16. O-O-O Ng6 17. Rd2 Ne5 18. Be2 Rxd2 19. Kxd2 Rd8+ 20.
Kc2 g5 21. h4 h6 22. hxg5 hxg5 23. Rh5 f6 24. f4 gxf4 25. f3 Kc7 26. Rf5 Rd6
27. Rxf4 a6 28. Rh4 b5 29. a3 Kb6 30. f4 Ng6 31. Rg4 Ne7 32. f5 Rd8 33. Rg7 Ng8
34. c4 Re8 35. cxb5 cxb5 36. Bd3 Rc8+ 37. Kb3 Rd8 38. Bc2 a5 1/2-1/2

[Event "2023 Mary Thomson Cup (Division F)"]
[Site "Woodvale, Perth WA AUS"]
[Date "2023.02.01"]
[Round "1"]
[White "Watson, Jake"]
[Black "Rennie, Mike"]
[Result "1/2-1/2"]
[ECO "C41"]
[WhiteElo "1166"]
[BlackElo "869"]
[PlyCount "73"]
[EventDate "2023.02.01"]
[EventType "swiss"]
[EventRounds "7"]
[EventCountry "AUS"]
[TimeControl "3600+30"]

1. e4 e5 2. Nf3 d6 3. c3 Nf6 4. Qc2 Be7 5. d4 O-O 6. Bc4 Be6 7. Qb3 b6 8. Bxe6
Qe8 9. Ng5 Kh8 10. Nxf7+ Rxf7 11. Bxf7 Qc6 12. Bd5 Nxd5 13. exd5 Qd7 14. O-O
Na6 15. Re1 Rf8 16. dxe5 Nc5 17. Qc2 c6 18. c4 cxd5 19. cxd5 Qb7 20. Nc3 Nd7
21. Bd2 dxe5 22. Re3 Bc5 23. Rh3 Bxf2+ 24. Kh1 h6 25. Rf1 Nf6 26. Rxf2 Qf7 27.
Bg5 Qc7 28. Bxf6 Kg8 29. Qg6 Rf7 30. Rxh6 Kf8 31. Bxg7+ Ke8 32. Rxf7 Qxf7 33.
Qxf7+ Kxf7 34. Bxe5 Ke7 35. Rh7+ Ke8 36. d6 Kd8 37. d7 1/2-1/2

[Event "2023 Mary Thomson Cup (Division A)"]
[Site "Woodvale, Perth WA AUS"]
[Date "2023.02.08"]
[Round "2"]
[White "Saxon, Marc"]
[Black "O'Shaughnessy, Dave"]
[Result "1/2-1/2"]
[ECO "B07"]
[WhiteElo "1977"]
[BlackElo "1986"]
[PlyCount "99"]
[EventDate "2023.02.01"]
[EventType "tourn"]
[EventRounds "7"]
[EventCountry "AUS"]
[TimeControl "3600+30"]

1. e4 d6 2. d4 Nf6 3. Nc3 e5 4. dxe5 dxe5 5. Qxd8+ Kxd8 6. Nf3 Bd6 7. Bc4 Ke7
8. Bg5 c6 9. O-O-O Be6 10. Nh4 Bc7 11. Nf5+ Bxf5 12. exf5 Nbd7 13. Ne4 Rad8 14.
Rhe1 Nb6 15. Bb3 Rxd1+ 16. Rxd1 Nbd7 17. Bxf6+ Nxf6 18. Nxf6 gxf6 19. Bxf7 Rd8
20. Be6 Rxd1+ 21. Kxd1 Bb6 22. Ke2 Bc7 23. Kf3 Bb8 24. Bc8 b6 25. Bb7 c5 26.
Ke4 Kd6 27. h4 Bc7 28. g4 Bd8 29. a4 Be7 30. Kd3 Bd8 31. Kc4 h6 32. Kb5 Kc7 33.
Be4 a5 34. c3 Be7 35. Bc2 Bd8 36. Bb3 Be7 37. Be6 Bd8 38. Kc4 Kd6 39. Kd3 Be7
40. Ke4 Bd8 41. Bc4 Be7 42. f4 exf4 43. Kxf4 Bd8 44. Ke4 Be7 45. Be2 Bd8 46.
Bd3 Be7 47. g5 fxg5 48. hxg5 Bxg5 49. Be2 Bf6 50. Bh5 1/2-1/2

[Event "2023 Mary Thomson Cup (Division A)"]
[Site "Woodvale, Perth WA AUS"]
[Date "2023.02.08"]
[Round "2"]
[White "Gibson, Jacob"]
[Black "Davoll, Josh"]
[Result "1/2-1/2"]
[ECO "B90"]
[WhiteElo "1964"]
[BlackElo "1927"]
[PlyCount "53"]
[EventDate "2023.02.01"]
[EventType "tourn"]
[EventRounds "7"]
[EventCountry "AUS"]
[TimeControl "3600+30"]

1. e4 c5 2. Nf3 d6 3. d4 cxd4 4. Nxd4 Nf6 5. Nc3 a6 6. Be3 e5 7. Nb3 Be7 8. f3
Be6 9. Qd2 h5 10. O-O-O Nbd7 11. Kb1 b5 12. Nd5 Bxd5 13. exd5 Nb6 14. Bxb6 Qxb6
15. Na5 Rc8 16. Nc6 Nxd5 17. Nxe7 Nxe7 18. Qxd6 Qxd6 19. Rxd6 Nc6 20. a4 Ke7
21. Rd2 Rhd8 22. Rxd8 Rxd8 23. Bd3 Nb4 24. axb5 Nxd3 25. cxd3 Rxd3 26. bxa6 Rd6
27. Re1 1/2-1/2

[Event "2023 Mary Thomson Cup (Division A)"]
[Site "Woodvale, Perth WA AUS"]
[Date "2023.02.08"]
[Round "2"]
[White "Maris, Rob"]
[Black "Lakner, Jay"]
[Result "1/2-1/2"]
[ECO "A89"]
[WhiteElo "2078"]
[BlackElo "2123"]
[PlyCount "67"]
[EventDate "2023.02.01"]
[EventType "tourn"]
[EventRounds "7"]
[EventCountry "AUS"]
[TimeControl "3600+30"]

1. c4 f5 2. d4 Nf6 3. g3 g6 4. Bg2 Bg7 5. Nf3 O-O 6. O-O d6 7. Nc3 Nc6 8. d5
Ne5 9. Nxe5 dxe5 10. b3 a6 11. Qc2 Qe8 12. a4 h6 13. e4 f4 14. gxf4 Nh5 15.
fxe5 Bxe5 16. f4 Bd4+ 17. Kh1 g5 18. Qd3 c5 19. dxc6 e5 20. f5 bxc6 21. Ra2 Rf6
22. Ne2 c5 23. Nc3 Bb7 24. Nd5 Bxd5 25. cxd5 Rb8 26. Bf3 Nf4 27. Bxf4 exf4 28.
Rg2 Rfb6 29. Bd1 Qe5 30. Bc2 Kf7 31. Qf3 Ke7 32. Rd1 Qf6 33. Re2 Qe5 34. Rg2
1/2-1/2